AoeStats
← Superisma88

Arabia

506054078Analyzed
2v2 RM · 20d ago on Sep 12, 2026· 91m 10s· 4 players
Game mode
Random Map
Map size
Medium (4 player)
Population
200
Speed
Normal
Resources
Standard
Victory
Conquest
Starting age
Dark Age
Ending age
Imperial Age
RankedLock teamsTeams togetherTeam positionsShared explorationLock speedFull tech treeHidden civsTurbo modeCheats
Victory
Defeat
🇳🇮 Saracens · Nicaragua
733
+18
🇹🇷 Bohemians · Türkiye
701
+19
🇲🇽 Vietnamese · Mexico
801
-43
🇬🇧 Lithuanians · United Kingdom
754
-18
chingon
5:43 Loom
5:49 Loom
14:14 Feudal Age
29:50 Horse Collar
31:42 Double-Bit Axe
35:35 Stone Mining
45:36 Castle Age
44:17 Arson
46:55 Padded Archer Armor
46:47 Fletching
47:08 Forging
47:05 Scale Barding Armor
47:48 Bow Saw
48:01 Heavy Plow
49:34 Husbandry
49:49 Thumb Ring
52:32 Elite Skirmisher
58:58 Caravan
62:37 Wheelbarrow
61:47 Town Watch
63:40 Hand Cart
65:10 Iron Casting
64:56 Chain Barding Armor
65:51 Bloodlines
71:56 Imperial Age
73:21 Plate Barding Armor
73:48 Blast Furnace
72:43 Bodkin Arrow
73:04 Leather Archer Armor
73:31 Town Patrol
73:37 Heavy Camel Rider
74:49 Leather Archer Armor
74:38 Bodkin Arrow
78:27 Ring Archer Armor
78:01 Bracer
78:24 Capped Ram
78:25 Onager
79:32 Siege Ram
80:13 Pikeman
80:53 Squires
80:39 Gambesons
82:40 Chemistry
82:00 Ballistics
81:48 Siege Engineers
DUREX
0:44 Loom
12:10 Feudal Age
12:59 Double-Bit Axe
16:40 Arson
16:26 Man-at-Arms
22:08 Wheelbarrow
27:19 Castle Age
27:25 Pikeman
28:06 Squires
35:51 Chemistry
36:08 Bow Saw
39:49 Imperial Age
37:39 Hand Cart
39:50 Town Watch
40:13 Halberdier
45:12 Siege Engineers
45:48 Caravan
47:09 Two-Man Saw
49:24 Houfnice
51:57 Wagenburg Tactics
52:13 Conscription
51:22 Elite Hussite Wagon
59:08 Town Patrol
85:04 Crossbowman
85:05 Elite Skirmisher
Superisma88
0:27 Loom
11:55 Feudal Age
12:54 Double-Bit Axe
12:53 Horse Collar
16:11 Gold Mining
22:09 Castle Age
23:35 Heavy Plow
23:51 Bow Saw
34:37 Husbandry
34:47 Bloodlines
34:56 Stone Mining
37:29 Wheelbarrow
37:56 Stone Shaft Mining
37:42 Fletching
38:03 Forging
38:11 Thumb Ring
37:28 Elite Skirmisher
39:58 Iron Casting
39:18 Bodkin Arrow
39:30 Scale Barding Armor
43:28 Imperial Age
41:18 Hand Cart
40:54 Town Watch
41:33 Murder Holes
41:49 Fortified Wall
42:00 Ballistics
41:21 Treadmill Crane
44:02 Chatras
44:45 Hoardings
44:32 Elite Rattan Archer
45:35 Paper Money
45:29 Imperial Skirmisher
47:51 Chemistry
46:57 Siege Engineers
47:33 Bracer
47:54 Chain Barding Armor
47:34 Scale Mail Armor
47:35 Padded Archer Armor
49:24 Coinage
49:05 Guilds
49:38 Crop Rotation
55:06 Chain Mail Armor
55:06 Leather Archer Armor
55:27 Plate Barding Armor
54:26 Light Cavalry
54:28 Elite Battle Elephant
58:32 Paper Money
58:54 Town Patrol
59:34 Plate Mail Armor
59:35 Ring Archer Armor
59:58 Banking
59:29 Caravan
65:03 Onager
74:19 Devotion
73:53 Pikeman
74:35 Squires
74:36 Halberdier
ANUARCHEMO233
2:01 Loom
22:02 Feudal Age
28:04 Horse Collar
28:52 Double-Bit Axe
35:57 Castle Age
35:25 Bloodlines
53:31 Imperial Age
50:54 Town Watch
55:14 Chemistry
55:12 Conscription
64:09 Murder Holes
64:27 Bow Saw
66:15 Heavy Plow
67:37 Cavalier
75:21 Paladin
76:50 Pikeman
81:26 Halberdier
Connection lost

Rejoining the realm…

Still unreachable

The connection could not be restored.

Session expired

The server has moved on; the page needs a fresh start.